Map: Rivages bleus EC

Players

Man

  • Race: Terran Terran
  • League: Silver
  • Spawn Location: 7:00

zidar - Winner!

  • Race: Zerg Zerg
  • Spawn Location: 1:00

VOD

Have the link to the VOD?

Description

Time

  • Played on: Dec. 24, 2018, 12:56 p.m.
  • Length: 17:58
Show
View Real Time Build Order
Export as new Build Order

Man Terran 

Build Orders: Reaper Expand 

Get SALT Encoding   

  12  0:02  SCV  
  13  0:14  SCV  
  13  0:21  Supply Depot  
  14  0:27  SCV  
  15  0:44  Barracks  
  15  0:53  Supply Depot  
  15  0:54  Refinery  
  15  0:55  SCV  
  16  1:07  SCV  
  17  1:14  Engineering Bay  
  17  1:20  SCV  
  18  1:32  SCV  
  19  1:46  Reaper  
  20  1:51  Barracks  
  20  1:54  Refinery  
  20  1:55  Orbital Command  
  20  2:25  Barracks  
  20  2:32  Barracks Reactor  
  20  2:56  Barracks Tech Lab  
  20  3:12  SCV  
  21  3:24  Marine, Barracks, SCV  
  23  3:30  Terran Infantry Weapons Level 1  
  23  3:34  Marauder  
  25  3:35  Combat Shield  
  25  3:36  SCV  
  25  3:37  Marine  
  25  3:38  Marine  
  28  3:41  Marine  
  28  3:48  SCV  
  30  3:55  Marine  
  31  4:12  Supply Depot  
  31  4:16  Supply Depot  
  31  4:24  Supply Depot  
  31  4:27  Marine  
  31  4:33  Marine x3  
  31  4:34  Marauder  
  31  4:35  Supply Depot  
  36  4:40  Supply Depot  
  36  4:45  Marine  
  37  4:51  Marine x2  
  39  4:54  Marine  
  39  4:55  Marauder  
  42  5:02  Marine  
  42  5:06  Stimpack  
  43  5:09  Marine x2  
  43  5:11  Marine  
  46  5:16  Marauder  
  46  5:20  Marine  
  49  5:24  Terran Infantry Armor Level 1  
  49  5:27  Marine x2  
  51  5:32  Factory  
  51  5:38  Marine  
  52  5:44  Marine  
  53  5:56  Marine  
  54  6:02  Marine  
  55  6:10  Marine  
  55  6:11  Marine  
  57  6:14  Marine  
  58  6:18  Supply Depot  
  58  6:20  Marine  
  59  6:31  Marine  
  60  6:37  Starport  
  60  6:38  Marine  
  61  6:49  Marine  
  55  6:56  Marine  
  54  7:07  Marine  
  43  7:13  Marine  
  42  7:25  Marine  
  17  7:52  Marine x2  
  14  8:10  Marine x2  
  15  8:28  Marine  
    9:31  Orbital Command  
    10:15  Orbital Command  
    10:46  SCV  
  1  10:59  SCV  
  2  11:11  SCV  
  3  11:15  Reaper x2  
  5  11:23  SCV  
  6  11:35  SCV  
  7  11:47  Reaper x2, Command Center  
  9  12:19  Reaper x2  
  7  13:39  SCV  
  8  13:51  SCV  
  9  14:23  Orbital Command  
  9  14:26  Command Center  
  9  14:37  Supply Depot  
  9  14:43  Supply Depot  
  9  14:54  SCV  
  10  15:01  Supply Depot  
  9  15:32  Orbital Command  
  6  15:45  SCV  
  7  15:57  SCV  
  7  16:01  SCV  
  10  16:11  SCV  
  10  16:17  Marine  
  10  16:18  Marine  
  12  16:23  SCV  
  13  16:35  SCV x2  
  13  16:47  SCV x2  
Show
View Real Time Build Order
Export as new Build Order

zidar Zerg - Winner!

Build Orders: Hatch First 

Get SALT Encoding   

  12  0:01  Drone  
  13  0:13  Overlord  
  13  0:18  Drone  
  14  0:32  Drone  
  14  0:33  Drone  
  14  0:35  Drone  
  17  0:58  Drone  
  17  1:00  Hatchery  
  17  1:03  Extractor, Drone  
  17  1:27  Drone  
  17  1:29  Spawning Pool  
  17  1:30  Overlord  
  17  1:39  Drone  
  18  1:40  Drone  
  19  1:51  Drone  
  20  2:05  Drone  
  21  2:17  Metabolic Boost  
  21  2:19  Queen x2  
  25  2:23  Zergling x2  
  25  2:28  Drone  
  27  2:33  Zergling x2  
  28  2:56  Queen  
  30  3:29  Roach Warren  
  29  3:36  Extractor  
  28  3:59  Zergling x2  
  28  4:00  Zergling x10  
  34  4:07  Drone  
  34  4:08  Drone  
  36  4:10  Overlord x4  
  35  4:47  Roach x4  
  35  4:48  Roach x3  
  49  5:01  Roach  
  49  5:02  Roach x3  
  57  5:12  Ravager x2  
  57  5:13  Ravager  
  60  5:15  Ravager  
  61  5:32  Roach x3  
  67  5:45  Overlord x2  
  67  5:46  Overlord x2  
  67  6:17  Roach x2  
  67  6:18  Roach x4  
  79  6:42  Zergling x8  
  55  7:12  Roach x7  
  50  7:57  Hatchery  
  48  9:02  Overlord x4  
  46  9:47  Drone  
  47  10:04  Drone x2  
  49  10:29  Drone x3  
  52  10:52  Drone  
  52  10:53  Drone  
  54  11:06  Overlord, Extractor  
  54  11:10  Extractor  
  52  11:53  Spawning Pool  
  51  12:30  Drone x4  
  51  12:31  Drone x4  
  50  13:30  Queen  
  52  13:55  Hatchery  
  48  14:06  Queen  
  50  14:27  Roach Warren  
  49  14:37  Zergling x14  
  49  14:38  Zergling x12  
  62  14:48  Overlord x2  
  62  14:49  Overlord  
  62  15:06  Queen  
  63  15:57  Drone x7  
  63  15:58  Drone x5  
  75  16:07  Lair  
  75  16:59  Extractor  
  75  17:00  Extractor  
  73  17:07  Drone x10  
Tags
 
Add a new tag
Caveats
  • Supply blocks, unpowered buildings, or Contaminate may cause inaccurate times.
  • Supply counts are checked every 10 seconds.